 Dungeon Crawl Stone Soup version 0.29.0-4-gdea44cf6ec (webtiles) character file.

Game seed: 4653719180586104558

49 qw the Chopper (level 3, -1/21 HPs)
             Began as a Tengu Warper on Aug 28, 2022.
             Succumbed to a kobold's poison
             ... on level 2 of the Dungeon.
             The game lasted 00:00:09 (1520 turns).

qw the Chopper (Tengu Warper)                       Turns: 1520, Time: 00:00:09

Health: -1/21      AC:  6    Str: 13    XL:     3   Next: 77%
Magic:  7/7        EV:  9    Int: 13    God:
Gold:   66         SH:  0    Dex: 13    Spells: 6/6 levels left

rFire   . . .      SeeInvis .   Y - +0 hand axe
rCold   . . .      Faith    .   (no shield)
rNeg    . . .      Spirit   .   d - +0 scale mail
rPois   .          Reflect  .   (helmet restricted)
rElec   .          Harm     .   (no cloak)
rCorr   .          Rampage  .   (no gloves)
Will    .....                   (boots unavailable)
Stlth   ..........              (no amulet)
HPRegen 0.07/turn               (no ring)
MPRegen 0.10/turn               (no ring)

@: lethally poisoned (-1 -> -20)
A: beak, talons 3
a: no special abilities


You were on level 2 of the Dungeon.
You visited 1 branch of the dungeon, and saw 2 of its levels.

You collected 66 gold pieces.


Innate Abilities, Weirdness & Mutations

You have a beak for a mouth.
You have claws for feet.


   Skills:
 - Level 2.0 Fighting
 + Level 4.4 Axes
 - Level 1.0 Throwing
 - Level 1.1 Armour
 - Level 2.1 Dodging
 - Level 2.0 Spellcasting
 - Level 2.4 Translocations


You had 6 spell levels left.
You didn't know any spells.
Your spell library contained the following spells:

 Spells                   Type           Power      Damage    Failure   Level
 Blink                    Tloc           14%        N/A       56%         2
 Gell's Gravitas          Tloc           7%         N/A       80%         3
 Lesser Beckoning         Tloc           7%         N/A       80%         3
 Teleport Other           Tloc           7%         N/A       80%         3
 Manifold Assault         Tloc           7%         N/A       100%        5

Inventory:

Hand Weapons
 a - a +0 whip
 Y - a +0 hand axe (weapon)
Armour
 d - a +0 scale mail (worn)
Scrolls
 c - a scroll of identify
 f - 2 scrolls of enchant armour
Potions
 b - a potion of heal wounds {unknown}
 h - 2 potions of curing
 i - a potion of resistance {unknown}

Dungeon Overview and Level Annotations

Branches:
Dungeon (2/15)

Altars:

Shops:
D:1 [


Message History

The endoplasm barely misses you.
You barely miss the endoplasm. The endoplasm barely misses you.
You hit the endoplasm. You claw the endoplasm.
You kill the endoplasm!
A kobold comes into view.
It is wielding a +0 short sword of venom.
The kobold shouts!
You hear an angry hiss.
A frilled lizard comes into view.
You closely miss the frilled lizard. You hit the kobold but do no damage.
The kobold closely misses you. The frilled lizard bites you.
You barely miss the frilled lizard. You closely miss the kobold.
The kobold hits you but does no damage.
You are poisoned.
The frilled lizard barely misses you.
You closely miss the frilled lizard. Your kick misses the frilled lizard.
Your peck misses the frilled lizard. You hit the kobold but do no damage.
You feel sick. The kobold hits you but does no damage.
The frilled lizard bites you but does no damage.
The kobold hits you but does no damage.
You are more poisoned.
The frilled lizard closely misses you.
You hit the frilled lizard.
You kill the frilled lizard!
You miss the kobold.
You feel very sick. The kobold completely misses you.
You completely miss the kobold. Your peck misses the kobold.
You feel sick.
The kobold hits you with a +0 short sword of venom.
You are lethally poisoned!
You barely miss the kobold. Your kick misses the kobold.
You feel very sick. The kobold completely misses you.
You barely miss the kobold. Your kick misses the kobold.
Your peck misses the kobold.
You feel very sick. The kobold hits you but does no damage.
You are more poisoned.
You closely miss the kobold. Your peck misses the kobold.
You die...

## ## #.. . .# ... .#. #.#
... #.# ###.##### ##.#
...#... ..####...
####%#.#### #.K......
#....%....####@#
#.##....%......# #..#
#.####.##.####.# #..# ##
###.# #.##.####.#
#..##.##... ...g#
#.##....#.###..#...#..#
##..#
#.##..................#
#..# #.##......###...?.....
#. #..#
##.##.#.#..###.......# ...
#..###...#.#.#....<.......#
#...


You could see a kobold.

Vanquished Creatures
  A dart slug (D:1)
  4 bats
  6 endoplasms
  A giant cockroach (D:1)
  A goblin (D:1)
  4 hobgoblins
  9 jackals
  2 quokkas (D:1)
  5 ball pythons
  4 frilled lizards
  5 rats
42 creatures vanquished.

Notes
Turn   | Place    | Note
-------+----------+-------------------------------------------
     0 | D:1      | qw the Tengu Warper began the quest for the Orb.
     0 | D:1      | Reached XP level 1. HP: 12/12 MP: 4/4
     0 | D:1      | 0 ||| qw: Version: 0.1-a-89-g26bdef1
     0 | D:1      | 0 ||| qw: Game counter: 2528
     0 | D:1      | 0 ||| qw: Always use a shield: true
     0 | D:1      | 0 ||| qw: God list: Okawaru
     0 | D:1      | 0 ||| qw: Allow faded altars: false
     0 | D:1      | 0 ||| qw: Do Orc after D:15 true
     0 | D:1      | 0 ||| qw: Do second Lair branch before Depths: true
     0 | D:1      | 0 ||| qw: Lair rune preference: random
     0 | D:1      | 0 ||| qw: Plans: Normal
     0 | D:1      | 0 ||| PLANNING D:1-11
    37 | D:1      | Reached XP level 2. HP: 16/17 MP: 6/6
    83 | D:1      | Reached skill level 3 in Axes
   286 | D:1      | Found Gigisalu's Armour Shop.
   294 | D:1      | 294 ||| SHOPLISTING +0 pair of gloves (63 gold, have 42).
   294 | D:1      | 294 ||| SHOPLISTING +0 ring mail (56 gold, have 42).
   294 | D:1      | 294 ||| SHOPLISTING +1 plate armour of poison resistance
                  | (448 gold, have 42).
   294 | D:1      | 294 ||| SHOPLISTING +2 ring mail of Gehenna {rF+ rN+ Will+
                  | Str+4} (646 gold, have 42).
   294 | D:1      | 294 ||| SHOPLISTING +3 ring mail of willpower (364 gold,
                  | have 42).
   541 | D:1      | Found a faded altar of an unknown god.
   654 | D:1      | 654 ||| Stepping ~*~*~tactically~*~*~ (hiding).
   758 | D:1      | 758 ||| Stepping ~*~*~tactically~*~*~ (hiding).
   769 | D:1      | Reached XP level 3. HP: 21/21 MP: 7/7
   955 | D:1      | Reached skill level 4 in Axes
  1237 | D:1      | 1237 ||| UPGRADING to +0 scale mail.
  1247 | D:1      | 1247 ||| DROPPING +0 leather armour.
  1248 | D:1      | 1248 ||| READING scroll labelled VOPUIFFONAX.
  1249 | D:1      | 1249 ||| READING 3 scrolls labelled YCAHONNEBBO.
  1250 | D:1      | 1250 ||| READING scroll labelled EMURRUFF MEALO.
  1251 | D:1      | 1251 ||| DRINKING 3 murky brown potions.
  1252 | D:1      | 1252 ||| DROPPING scroll of blinking.
  1378 | D:2      | 1378 ||| FLEEEEING.
  1385 | D:2      | 1385 ||| FLEEEEING.
  1386 | D:2      | 1386 ||| FLEEEEING.
  1387 | D:2      | 1387 ||| FLEEEEING.
  1388 | D:2      | 1388 ||| FLEEEEING.
  1389 | D:2      | 1389 ||| FLEEEEING.
  1394 | D:2      | 1394 ||| STAIRDANCE
  1459 | D:1      | 1459 ||| READING 2 scrolls of identify.
  1459 | D:1      | 1459 ||| IDENTIFYING viscous pink potion
  1460 | D:1      | 1460 ||| DROPPING potion of degeneration.
  1519 | D:2      | HP: 3/21 [poisoned by a kobold]
  1520 | D:2      | Succumbed to a kobold's poison

Levels and vault maps discovered:
D:1:      tarquinn_simple_flora_water_e, layout_loops_cross,
          shapermc_ecumenical_altar_mp_vishouse, serial_shops, shop
D:2:      layout_loops_ring, minmay_misc_feat_four_crosses,
          minmay_tiny_reverse_x, uniq_robin

Skill      XL: |  1  2  3 |
---------------+----------+-----
Axes           | 3 4 |  4.4
Fighting       | |  2.0
Throwing       | |  1.0
Armour         | |  1.1
Dodging        | |  2.1
Spellcasting   | |  2.0
Translocations | |  2.4

Action                   || total
-------------------------++-------
Melee: Hand axe          ||    99
       Peck              ||     8
       Kick              ||    13
       Punch             ||     2
Throw: Boomerang         ||     7
  Use: Scroll            ||     4
       Potion            ||     1
Armor: Leather armour    ||    10
       Scale mail        ||    20
Dodge: Dodged            ||    66

Table legend:
 A = Non-vault XP
 B = Vault XP
 C = Vault XP percentage of total XP
 D = Non-vault monster count
 E = Vault monster count
 F = Vault count percentage of total count
                 A         B        C        D         E       F
            +---------+---------+-------+---------+---------+-------
      Total |      69 |       2 |   2.8 |      41 |       1 |   2.4
            +---------+---------+-------+---------+---------+-------
        D:1 |      50 |       0 |   0.0 |      29 |       0 |   0.0
        D:2 |      19 |       2 |   9.5 |      12 |       1 |   7.7
            +---------+---------+-------+---------+---------+-------
